Map: Romanticide LE

Players

A.I. 1 (Very Easy)

  • Race: Protoss Protoss
  • Spawn Location: 5:00

Soon - Winner!

  • Race: Terran Terran
  • Spawn Location: 11:00

VOD

Have the link to the VOD?

Description

Time

  • Played on: Jan. 23, 2023, 5:26 p.m.
  • Length: 9:53
Show
View Real Time Build Order
Export as new Build Order

A.I. 1 (Very Easy) Protoss 

Build Orders: 1 Gate Expand, Nexus First 

Get SALT Encoding   

  12  0:00  Probe  
  13  0:13  Probe  
  14  0:20  Pylon  
  14  0:43  Gateway  
  14  1:01  Nexus  
  14  1:19  Pylon  
  14  1:21  Zealot  
  14  1:24  Assimilator  
  16  1:38  Cybernetics Core  
  16  1:39  Probe  
  17  1:51  Probe  
  18  2:00  Probe  
  18  2:01  Assimilator  
  18  2:07  Stalker  
  19  2:08  Probe  
  19  2:12  Warp Gate  
  22  2:17  Probe  
  23  2:23  Probe  
  24  2:32  Probe  
  25  2:39  Probe  
  26  2:47  Probe  
  26  2:48  Assimilator  
  26  2:51  Pylon  
  27  2:54  Probe  
  28  3:01  Probe  
  29  3:08  Probe  
  30  3:16  Probe  
  30  3:18  Robotics Facility  
  31  3:23  Probe  
  31  3:26  Adept  
  33  3:30  Probe  
  34  3:37  Probe  
  35  3:44  Probe  
  36  3:51  Probe  
  37  3:59  Probe  
  38  4:06  Probe, Observer  
  38  4:09  Probe  
  40  4:17  Probe  
  42  4:24  Assimilator, Probe  
  42  4:28  Observer  
  44  4:31  Probe  
  44  4:37  Sentry  
  44  4:38  Pylon  
  47  4:42  Probe  
  48  4:49  Probe  
  49  4:56  Probe  
  50  8:24  Zealot  
  44  8:31  Probe  
  41  8:40  Probe  
  30  8:45  Pylon  
  30  8:48  Probe  
  27  8:52  Zealot  
  28  8:56  Probe  
  26  9:04  Probe  
  25  9:11  Pylon  
  25  9:14  Probe  
  24  9:21  Zealot  
  24  9:23  Robotics Facility  
  25  9:25  Probe  
  18  9:51  Pylon  
Show
View Real Time Build Order
Export as new Build Order

Soon Terran - Winner!

Build Orders:  

Get SALT Encoding   

  12  0:00  SCV  
  13  0:12  SCV  
  14  0:17  Supply Depot  
  14  0:24  SCV  
  15  0:39  SCV  
  15  0:41  Barracks  
  16  0:46  Refinery  
  16  0:51  SCV  
  17  1:03  SCV  
  18  1:15  SCV  
  19  1:27  Orbital Command  
  19  1:28  Marine  
  20  1:38  Command Center  
  20  1:46  Barracks Reactor  
  20  1:49  Supply Depot  
  20  1:53  SCV  
  21  2:05  SCV  
  22  2:17  SCV  
  23  2:22  Marine  
  23  2:23  Marine  
  23  2:27  Command Center  
  25  2:31  SCV  
  26  2:41  Reaper x2  
  28  2:44  SCV  
  28  2:45  Barracks  
  29  2:51  Orbital Command  
  29  2:59  SCV  
  30  3:11  SCV  
  31  3:15  Marine x2, Engineering Bay  
  31  3:19  SCV  
  34  3:22  Refinery  
  34  3:26  SCV  
  35  3:31  SCV  
  35  3:33  Barracks Tech Lab  
  36  3:38  SCV  
  36  3:39  Marine x2  
  36  3:40  Orbital Command  
  39  3:43  Terran Infantry Weapons Level 1  
  39  3:44  SCV  
  40  3:50  SCV  
  40  3:52  Stimpack  
  40  3:53  Marauder  
  43  3:56  SCV  
  43  4:00  Marine x2  
  46  4:03  SCV  
  46  4:04  Factory  
  46  4:06  SCV  
  46  4:08  SCV  
  49  4:12  Barracks  
  49  4:15  SCV  
  50  4:17  Supply Depot  
  50  4:19  SCV  
  50  4:20  SCV  
  50  4:21  Marauder  
  50  4:23  Marine  
  50  4:24  Marine  
  56  4:28  SCV, Refinery  
  57  4:32  SCV  
  57  4:35  SCV  
  59  4:40  SCV, Supply Depot, Refinery  
  59  4:42  Marine x2  
  59  4:43  Marauder  
  65  4:45  SCV  
  65  4:47  SCV  
  65  4:52  SCV  
  67  4:55  Factory Reactor, Supply Depot  
  67  4:57  SCV  
  67  4:58  Starport  
  68  5:00  Barracks Tech Lab  
  68  5:03  SCV  
  68  5:04  SCV, Supply Depot  
  68  5:06  Marine x2, Marauder  
  74  5:08  Orbital Command  
  74  5:14  SCV  
  74  5:17  Supply Depot  
  74  5:19  Combat Shield  
  74  5:20  Marauder  
  77  5:24  SCV  
  77  5:26  SCV  
  77  5:27  Supply Depot  
  79  5:32  Concussive Shells  
  79  5:36  SCV  
  79  5:38  Terran Infantry Armor Level 1, SCV  
  81  5:44  Factory Reactor, SCV, Barracks x2  
  81  5:47  Medivac  
  81  5:49  Medivac, SCV  
  87  5:51  SCV  
  87  5:54  Marauder x2  
  87  5:56  Supply Depot  
  92  5:58  SCV  
  92  6:02  SCV, Supply Depot  
  92  6:04  SCV  
  95  6:10  SCV  
  96  6:14  SCV  
  96  6:16  SCV  
  96  6:18  Medivac  
  102  6:19  Medivac, Supply Depot  
  102  6:20  Marauder x2  
  102  6:22  SCV  
  102  6:24  Refinery x2  
  102  6:25  Supply Depot  
  109  6:30  SCV x2  
  109  6:31  Command Center  
  109  6:37  SCV  
  109  6:38  Barracks Reactor  
  109  6:39  Barracks Tech Lab  
  110  6:42  Engineering Bay, SCV x2, Armory  
  110  6:46  Marauder x2, Supply Depot  
  116  6:48  Widow Mine, Supply Depot  
  116  6:49  SCV, Widow Mine  
  121  7:02  SCV  
  121  7:03  Medivac x2  
  121  7:04  Marine x2  
  130  7:11  Barracks  
  130  7:12  Barracks  
  130  7:13  Barracks  
  128  7:15  Ghost Academy  
  128  7:18  Marauder x3  
  134  7:30  Terran Infantry Weapons Level 2  
  134  7:34  Terran Infantry Armor Level 2  
  134  7:37  Marine x4  
  134  7:39  Marauder x2  
  134  7:40  Marauder, Supply Depot x2  
  134  7:42  Widow Mine x2  
  148  7:55  SCV x3  
  151  8:04  Barracks Tech Lab  
  151  8:05  Barracks Tech Lab x2  
  151  8:06  Marauder x3  
  151  8:07  Viking x2  
  151  8:10  Widow Mine x2  
  151  8:12  SCV x3  
  168  8:13  Planetary Fortress  
  168  8:19  Missile Turret  
  168  8:26  Missile Turret  
  172  8:27  Marauder x4  
  172  8:28  SCV x2  
  172  8:29  SCV  
  179  8:34  Ghost x2  
  183  8:42  Starport  
  183  8:44  Factory Reactor  
  183  8:46  Refinery  
  183  8:47  Refinery  
  183  8:50  Supply Depot  
  183  8:52  Supply Depot  
  183  8:56  Viking x2  
  183  9:00  Command Center  
  187  9:12  Ghost x2  
  191  9:20  Viking x2  
  195  9:29  Command Center x2  
  199  9:34  Fusion Core  
  199  9:44  Command Center  
  199  9:47  Command Center  
  199  9:49  Sensor Tower  
  199  9:53  Sensor Tower  
Tags
 
Add a new tag
Caveats
  • Supply blocks, unpowered buildings, or Contaminate may cause inaccurate times.
  • Supply counts are checked every 10 seconds.